Zazza, neutral female human Tourist ----- |...| -------------- |....`#################`.............# |...| # #|.Z........f.|# |....## ### #|...e..Z....d|# ------------ #-...| # ## #.......Z...B@|# |..........| #|..<| ###------- ###--------------# ##...........| #----- #|....(| # ####### # # |..........| ### |......##### ############-..........| # |.....| # # |..........| # |.....| ######### ### ------------ # ------- #---.-# --------# #|...|# |......|# #....|# |......|# |...|# |......|# |...-# |......-# ----- -------- Zazza the Rambler Experience level: 1 Strength: 11 Dexterity: 10 Constitution: 16 Intelligence: 13 Wisdom: 10 Charisma: 15 Health: 0(12) Energy: 3(3) Def: 5 Gold: 1464 Moves: 2426 Dungeon seed: 8xFW-RVzyuJUUh8H Game ID: Zazza_1590147595 Your Inventory: Coins $ - 1464 gold pieces Weapons a - 28 +2 darts (in quiver) o - a +0 orcish dagger E - a +0 partisan J - a cursed +0 sling named cursed O - a +0 dagger (weapon in hand) Armor e - an uncursed +0 Hawaiian shirt (being worn) q - a blessed +3 orcish helm (being worn) r - an uncursed +0 pair of kicking boots (being worn) N - an uncursed +0 helm of telepathy Y - a cursed -2 pair of fumble boots Comestibles c - 5 uncursed food rations Scrolls i - 2 uncursed scrolls of magic mapping v - an uncursed scroll of amnesia z - an uncursed scroll of light C - an uncursed scroll of genocide F - an uncursed scroll of teleportation L - an uncursed scroll of enchant weapon Q - a cursed scroll of identify Potions h - 2 uncursed potions of extra healing p - an uncursed potion of invisibility w - a potion of holy water B - an uncursed potion of sleeping G - a blessed potion of see invisible Rings t - an uncursed +1 ring of protection Wands x - a wand of lightning (0:8) Tools k - an expensive camera (0:31) l - an uncursed credit card u - an uncursed blindfold Gems n - an uncursed worthless piece of orange glass y - 2 uncursed worthless pieces of yellow glass P - an uncursed flint stone Spells and supernatural/magical abilities: Name Level Category Fail Memory W - pray for help -- divine ? -- Your skills at the end: Fighting Skills Weapon Skills dart [Basic] Spellcasting Skills Final Attributes: You were nominally aligned. You are dead. Vanquished creatures: an iguana 2 hobbits 2 gnome zombies 3 geckos 8 jackals 4 foxes a kobold 3 goblins 6 grid bugs a bat 5 lichens 2 kobold zombies 4 newts 42 creatures vanquished. Voluntary challenges: You used a wielded weapon 26 times, starting on turn 1073. You read items or engraved 5 times, starting on turn 2. You never genocided any monsters. You never polymorphed an object. You never changed form. You used no wishes. You never split a pudding. You wrote Elbereth's name 1 time, starting on turn 2413. You never violated your personal moral code. Dungeon overview: The Dungeons of Doom: levels 1 to 5 Level 1 a fountain a long staircase Level 2 a general store Level 3 a potion shop, a fountain a long staircase Level 4 a sink Level 5 <- You were here History has recorded: On T:1 you entered the Dungeons of Doom to retrieve the Amulet of Yendor! On T:326 you reached level 2 of The Dungeons of Doom. On T:1113 you reached level 3 of The Dungeons of Doom. On T:1666 you reached level 4 of The Dungeons of Doom. On T:2019 you reached level 5 of The Dungeons of Doom. Score breakdown: Gold: 470 ( 9092 points) Experience: 1 level ( 0 points) Exploration: 5 levels ( 9.80%) ( 8485 points) Discoveries: 3 items ( 1.01%) ( 3010 points) Valuables value: (no points given unless you survive) Artifact value: 0 ( 0 points) Variety of kills: 13 monsters ( 3.41%) ( 5541 points) Turncount: 2426 turns ( -286 points) Survival: died (score multiplied by 80%) Total score: 20673 Latest messages: The jackal bites! (2x) You hear some noises in the distance. The jackal misses. Armand misses the jackal. You write in the dust with your fingers. The jackal turns to flee! (2x) Armand bites the dwarf zombie. (2x) The dwarf zombie misses Armand. Armand misses the dwarf zombie. (3x) Armand bites the dwarf zombie. The dwarf zombie misses Armand. Armand misses the jackal. Armand bites the jackal. The jackal is killed! Armand eats a jackal corpse. Armand bites the dwarf zombie. Armand bites the giant bat. Armand misses the giant bat. The giant bat bites! The jackal bites! You die... Final status: Aloha Zazza the Tourist, killed by a jackal... You died in The Dungeons of Doom on dungeon level 5 with 20673 points, and 1464 pieces of gold, after 2426 moves. You were level 1 with a maximum of 12 hit points when you died.